 Dungeon Crawl Stone Soup version 0.23.1-37-gaa34b87 (webtiles) character file.

Game seed: 10986609104557208829

42 esteth the Sneak (level 3, 0/19 HPs)
             Began as a Kobold Enchanter on Mar 27, 2019.
             Slain by a giant cockroach (2 damage)
             ... on level 2 of the Dungeon.
             The game lasted 00:02:43 (1648 turns).

esteth the Sneak (Kobold Enchanter)                 Turns: 1648, Time: 00:02:44

Health: 0/19       AC:  2    Str:  5    XL:     3   Next: 77%
Magic:  1/6        EV: 15    Int: 17    God:
Gold:   79         SH:  0    Dex: 15    Spells: 3/6 levels left

rFire    . . .     SeeInvis .   a - +1 dagger
rCold    . . .     Gourm    .   (shield restricted)
rNeg     . . .     Faith    .   b - +0 robe
rPois    .         Spirit   .   (no helmet)
rElec    .         Reflect  .   (no cloak)
rCorr    .         Harm     .   (no gloves)
MR       .....                  (no boots)
Stlth    +++.......             (no amulet)
HPRegen  0.06/turn              (no ring)
MPRegen  0.10/turn              (no ring)

@: no status effects
A: small, carnivore
a: no special abilities


You were on level 2 of the Dungeon.
You were completely stuffed.

You visited 1 branch of the dungeon, and saw 2 of its levels.

You collected 79 gold pieces.

Inventory:

Hand Weapons
 a - a +1 dagger (weapon)
Armour
 b - a +0 robe (worn)
Scrolls
 f - 4 scrolls of fog {unknown}
 g - a scroll of enchant armour {unknown}
Potions
 c - 2 potions of curing {unknown}
 e - a potion of lignification {unknown}
Comestibles
 d - 5 rations


   Skills:
 - Level 2.6 Short Blades
 - Level 2.4 Dodging
 + Level 4.9 Stealth
 - Level 2.1 Spellcasting
 + Level 3.5 Hexes


You had 3 spell levels left.
You knew the following spells:

 Your Spells              Type           Power        Failure   Level  Hunger
a - Corona                Hex            ##.....      4%          1    #......
b - Ensorcelled Hibernat  Hex/Ice        #.....       14%         2    ###....

Your spell library contained the following spells:

 Spells                   Type           Power        Failure   Level  Hunger
 Confuse                  Hex            ##......     13%         3    ###....
 Tukima's Dance           Hex            ##......     13%         3    ###....
 Dazzling Spray           Conj/Hex       #.....       28%         3    ###....


Dungeon Overview and Level Annotations

Branches:
Dungeon (2/15)

Altars:


Innate Abilities, Weirdness & Mutations

You are small and have problems with some larger weapons.
You are carnivorous and can eat meat at any time.


Message History

The kobold is heavily wounded.
The giant cockroach misses you. The kobold barely misses you.
You hit the kobold.
You kill the kobold!
The giant cockroach barely misses you.
You barely miss the giant cockroach.
The giant cockroach bites you but does no damage.
You closely miss the giant cockroach. The giant cockroach closely misses you.
You hit the giant cockroach but do no damage.
The giant cockroach bites you but does no damage.
You hit the giant cockroach but do no damage.
The giant cockroach bites you.
* * * LOW HITPOINT WARNING * * *
You hit the giant cockroach.
The giant cockroach is moderately wounded.
The giant cockroach closely misses you.
You hit the giant cockroach.
The giant cockroach is severely wounded.
The giant cockroach bites you.
You die...

#.....#......# .
#.......# ..#.
#.....[## ... .
##.....####.##..
##..............
......##...........
......##.....###...
...#.......)†s...#
..
##....#..@.##.... #
####...)..# ...
##.....# .# ##....#
####....##
###........#
.........<.#
................
...........#>...


You could see a giant cockroach.

Vanquished Creatures
  A gnoll (D:1)
  An adder (D:2)
  A leopard gecko (D:2)
  6 bats
  A bat zombie (D:2)
  4 goblins
  2 hobgoblins
  A kobold (D:2)
  A ball python (D:1)
  A frilled lizard (D:1)
  3 rats (D:1)
22 creatures vanquished.

Notes
Turn   | Place    | Note
-------+----------+-------------------------------------------
     0 | D:1      | esteth the Kobold Enchanter began the quest for the Orb.
     0 | D:1      | Reached XP level 1. HP: 10/10 MP: 3/3
   414 | D:1      | Reached XP level 2. HP: 14/15 MP: 5/5
   444 | D:1      | Learned a level 2 spell: Ensorcelled Hibernation
   981 | D:1      | Reached XP level 3. HP: 11/19 MP: 6/6
  1648 | D:2      | Slain by a giant cockroach

Skill      XL: |  1  2 |
---------------+-------+-----
Short Blades   | 2 |  2.6
Dodging        | |  2.4
Stealth        | |  4.9
Spellcasting   | |  2.1
Hexes          | |  3.5

Action                   || total
-------------------------++-------
Melee: Dagger            ||   102
 Cast: Ensorcelled Hiber ||    11
 Stab: Sleeping          ||     5
  Eat: Chunk             ||    11
Armor: Robe              ||    29
Dodge: Dodged            ||   145
